 Dungeon Sprint DCSS version 0.31-a0-965-g8a8ce12e04 (webtiles) character file.

Game seed: 11786165626026528274

695 fozzywoppz the Fighter (level 7, -1/73 HPs)
             Began as a Yellow Draconian Berserker on Oct 27, 2023.
             Was an Elder of Trog.
             Slain by a gargoyle
             ... wielding a +0 morningstar
              (21 damage)
             ... in the Dungeon (Sprint IX: "|||||||||||||||||||||||||||||").
             The game lasted 00:02:11 (250 turns).

fozzywoppz the Fighter (Yellow Draconian Berserker)  Turns: 250, Time: 00:02:11

Health: -1/73      AC:  9    Str: 22    XL:     7   Next: 37%
Magic:  7/7        EV: 16    Int:  7    God:    Trog [****..]
Gold:   0          SH:  0    Dex: 10    Spells: 6/6 levels left

rFire   . .          .
                       - Unarmed
rCold   . . .        (no shield)
rNeg    . . .        (body armour unavailable)
rPois   .            (helmet restricted)
rElec   .            (no cloak)
rCorr   +            i - +0 pair of gloves
SInv    .            (no boots)
Will    ++...        (no amulet)
Stlth   +            j - +2 ring of protection
HPRegen 1.32/turn    k - +2 ring of evasion
MPRegen 0.10/turn

%: no teleportation
@: strong-willed, regenerating
A: spit acid, AC +6, unfitting armour, cold-blooded, acid resistance
a: Breathe Acid, Renounce Religion, Berserk, Trog's Hand, Brothers in Arms


You were in the Dungeon.
You worshipped Trog.
Trog was greatly pleased with you.
You visited 1 branch

Inventory:

Hand Weapons
 l - a +2 scimitar of holy wrath
Armour
 i - a +0 pair of gloves (worn)
Jewellery
 j - a +2 ring of protection (left hand)
 k - a +2 ring of evasion (right hand)
Wands
 h - a wand of roots (8)
Scrolls
 f - 2 scrolls of blinking
Potions
 a - 5 potions of curing
 b - 2 potions of heal wounds
 c - a potion of haste
 d - 4 potions of magic
 e - a potion of berserk rage
 g - a potion of invisibility


   Skills:
 + Level 10.9 Fighting
 + Level 9.0 Dodging
 + Level 9.9 Unarmed Combat


You had 6 spell levels left.
You didn't know any spells.
Your spell library was empty.

Dungeon Overview and Level Annotations

Branches:
Dungeon (1/1)

Altars:
Cheibriados
Dithmenos
Elyvilon
Fedhas
Gozag
Hepliaklqana
Kikubaaqudgha
Makhleb
Nemelex Xobeh
Okawaru
Qazlal
Ru
Sif Muna
Trog
Uskayaw
Vehumet
Wu Jian
Xom
Yredelemnul
Zin
The Shining One
Jiyva
Lugonu


Innate Abilities, Weirdness & Mutations

You can spit globs of acid.
Your golden yellow scales are hard. (AC +6)
You cannot fit into any form of body armour.
You are cold-blooded and may be slowed by cold attacks.
You are resistant to acid. (rCorr)


Message History

The orc warrior is almost dead.
The orc warrior barely misses you.
You punch the orc warrior!
You kill the orc warrior!
Trog accepts your kill.
Your Dodging skill increases to level 9!
Aiming: Fastroot
Press: ? - help, Shift-Dir - straight line, f/p - gargoyle
Aim: a gargoyle, wielding a +0 morningstar (moderately damaged)
The roots erupt in riotous growth!
Roots grab the gargoyle.
Roots grab the centaur.
The grasping roots constrict the gargoyle, but do no damage.
The grasping roots constrict the centaur.
The gargoyle hurls a stone arrow at you.
The stone arrow hits you!
You have got your breath back.
The grasping roots constrict the gargoyle, but do no damage.
The grasping roots constrict the centaur.
The roots release their grip on the gargoyle.
The roots release their grip on the centaur.
The gargoyle hurls a stone arrow at you.
The stone arrow hits you!!
There is an open door to the Dungeon, spattered with blood here.
Things that are here:
a +0 flail; a +0 plate armour; an orc corpse You feel much better.
The gargoyle hurls a stone arrow at you.
The stone arrow hits you!!
You punch the gargoyle!
You tail-slap the gargoyle, but do no damage.
The gargoyle is heavily damaged.
The gargoyle hits you with a +0 morningstar!
* * * LOW HITPOINT WARNING * * *
Your skin crawls.
You feel strong-willed. The gargoyle barely misses you.
You hit the gargoyle.
The gargoyle is severely damaged.
The gargoyle hits you with a +0 morningstar!!
You die...

▓+▓
▓.▓
▓.▓
▓.▓
▓.▓
▓c▓
▓9▓
▓@▓
▓.▓
▓.▓
▓[▓
▓.▓
▓[▓
▓.▓
▓)▓
▓?▓


You could see a gargoyle and a centaur.

Vanquished Creatures
  A komodo dragon (D)
  A yak (D)
  An orc warrior (D)
  A scorpion (D)
  A howler monkey (D)
  A hound (D)
  2 iguanas (D)
  An adder (D)
  A dart slug (D)
  An endoplasm (D)
  A hobgoblin (D)
  A ball python (D)
  A bat (D)
14 creatures vanquished.

Notes
Turn   | Place    | Note
-------+----------+-------------------------------------------
     0 | D        | fozzywoppz the Draconian Berserker began the quest for the
                  | Orb.
     0 | D        | Reached XP level 1. HP: 19/19 MP: 1/1
    19 | D        | Reached ** piety under Trog
    24 | D        | Reached skill level 4 in Fighting
    31 | D        | Noticed an iguana
    31 | D        | Noticed a scorpion
    31 | D        | Noticed an iguana
    31 | D        | Noticed a hound
    36 | D        | Killed a hound
    37 | D        | Reached skill level 5 in Fighting
    37 | D        | Reached XP level 2. HP: 27/29 MP: 2/2
    37 | D        | Reached XP level 3. HP: 34/36 MP: 3/3
    51 | D        | Reached skill level 5 in Unarmed Combat
   119 | D        | Killed a scorpion
   119 | D        | Reached *** piety under Trog
   120 | D        | Reached skill level 6 in Fighting
   120 | D        | Reached skill level 5 in Dodging
   120 | D        | Reached XP level 4. HP: 45/45 MP: 4/4
   126 | D        | Reached skill level 7 in Fighting
   126 | D        | Reached XP level 5. HP: 34/52 MP: 5/5
   130 | D        | Found a snail-covered altar of Cheibriados.
   130 | D        | Found a shadowy altar of Dithmenos.
   130 | D        | Found a white marble altar of Elyvilon.
   130 | D        | Found a blossoming altar of Fedhas.
   130 | D        | Found an opulent altar of Gozag.
   131 | D        | Found a hazy altar of Hepliaklqana.
   132 | D        | Found a viscous altar of Jiyva.
   133 | D        | Found an ancient bone altar of Kikubaaqudgha.
   134 | D        | Found a corrupted altar of Lugonu.
   135 | D        | Found a burning altar of Makhleb.
   136 | D        | Found a sparkling altar of Nemelex Xobeh.
   137 | D        | Found an iron altar of Okawaru.
   138 | D        | Found a stormy altar of Qazlal.
   139 | D        | Found a sacrificial altar of Ru.
   140 | D        | Found a shimmering blue altar of Sif Muna.
   141 | D        | Found a bloodstained altar of Trog.
   142 | D        | Found a hide-covered altar of Uskayaw.
   143 | D        | Found a radiant altar of Vehumet.
   144 | D        | Found an ornate altar of the Wu Jian Council.
   145 | D        | Found a shimmering altar of Xom.
   146 | D        | Found a basalt altar of Yredelemnul.
   147 | D        | Found a glowing silver altar of Zin.
   148 | D        | Found a glowing golden altar of the Shining One.
   193 | D        | Noticed a gargoyle
   193 | D        | Noticed a yak
   193 | D        | Noticed a centaur
   193 | D        | Noticed a komodo dragon
   193 | D        | Noticed an orc warrior
   211 | D        | Killed a komodo dragon
   211 | D        | Reached **** piety under Trog
   212 | D        | Reached skill level 9 in Fighting
   212 | D        | Reached XP level 6. HP: 43/66 MP: 6/6
   240 | D        | Killed a yak
   241 | D        | Reached skill level 10 in Fighting
   241 | D        | Your scales start taking on a golden yellow colour.
   241 | D        | Reached XP level 7. HP: 65/73 MP: 7/7
   241 | D        | Gained mutation: You are resistant to acid. (rCorr) [Yellow
                  | Draconian growth]
   250 | D        | Slain by a gargoyle

Illustrated notes

Levels and vault maps discovered:
D:        linesprint [early_d, line_temple, items_1, d_10, items_2, lair_1,
          lair_end, items_3, orc_1, orc_end, items_4, d_15, swamp_1, shoals_1,
          snake_1, spider_1, d_20, vaults_1, items_5, swamp_end, shoals_end,
          snake_end, spider_end, vaults_end, d_27, items_6, zot_1, zot_end,
          crypt_end, forest_end, elf_end, slime_end, tomb_end, abyss_end,
          pan_hell_end]

Skill      XL: |  1  2  3  4  5  6  7 |
---------------+----------------------+-----
Dodging        | 4 5 6 8 9 |  9.0
Fighting       | 5 6 7 9 10 | 10.9
Unarmed Combat | 4 6 9 |  9.9

Action                     |  1- 3 |  4- 6 |  7- 9 || total
---------------------------+-------+-------+-------++-------
  Melee: Unarmed           |    46 |    27 |     5 ||    78
         Tailslap          |     5 |     3 |     2 ||    10
         Punch             |       |     1 |       ||     1
 Invoke: Trog's Hand       |     1 |     1 |     1 ||     3
         Berserk           |     1 |       |       ||     1
Ability: Breathe Acid      |       |       |     1 ||     1
  Evoke: Wand              |       |     1 |     1 ||     2
    Use: Potion            |       |       |     1 ||     1
 Armour: Skin              |    17 |     6 |     6 ||    29
  Dodge: Dodged            |    37 |    15 |     3 ||    55

Table legend: (Time is in decaauts)
 A = Elapsed time spent in this place.
 B = Non-inter-level travel time spent in this place.
 C = Inter-level travel time spent in this place.
 D = Time resting spent in this place.
 E = Time spent auto-exploring this place.
 F = Levels seen in this place.
 G = Mean time per level.
                   A        B        C        D        E       F      G
               +--------+--------+--------+--------+--------+-----+--------+
         Total |    256 |    256 |      0 |     89 |      0 |   1 |  256.0 |
       Dungeon |    256 |    256 |      0 |     89 |      0 |   1 |  256.0 |
               +--------+--------+--------+--------+--------+-----+--------+

Top non-repeatable levels by time:
       D: 256 daAuts
